 Dungeon Crawl Stone Soup version 0.25.1-2-g60ff931df9 (webtiles) character file.

Game seed: 7808485808107073703

19 bawkwolf the Grasshopper (level 2, -2/19 HPs)
             Began as a Halfling Warper on Sept 30, 2020.
             Slain by a gnoll
             ... wielding a +0 spear
              (7 damage)
             ... on level 1 of the Dungeon.
             The game lasted 00:03:59 (1125 turns).

bawkwolf the Grasshopper (Halfling Warper)          Turns: 1125, Time: 00:04:00

Health: -2/19      AC:  3    Str: 12    XL:     2   Next: 95%
Magic:  4/4        EV: 14    Int: 11    God:
Gold:   29         SH:  4    Dex: 13    Spells: 2/4 levels left

rFire    . . .     SeeInvis .   m - +2 mace (protect)
rCold    . . .     Gourm    .   l - +0 buckler
rNeg     . . .     Faith    .   b - +0 leather armour
rPois    .         Spirit   .   (no helmet)
rElec    .         Reflect  .   (no cloak)
rCorr    .         Harm     .   (no gloves)
MR       .....                  (no boots)
Stlth    +.........             (no amulet)
HPRegen  0.06/turn              (no ring)
MPRegen  0.09/turn              (no ring)

@: no status effects
A: small, mutation resistance 1
a: no special abilities


You were on level 1 of the Dungeon.
You were hungry.

You visited 1 branch of the dungeon, and saw 1 of its levels.

You collected 29 gold pieces.

Inventory:

Hand Weapons
 a - a +0 short sword
 m - a +2 mace of protection (weapon)
Missiles
 c - 39 stones (quivered)
 n - 7 curare-tipped darts
 o - 18 bolts
 p - 42 arrows
Armour
 b - a +0 leather armour (worn)
 l - a +0 buckler (worn)
Wands
 q - a wand of acid (5)
Scrolls
 g - 2 scrolls of identify
 j - 2 scrolls of teleportation
Potions
 h - a potion of heal wounds {unknown}
 i - a potion of might {unknown}
 k - a potion of cancellation {unknown}
Comestibles
 f - 2 rations


   Skills:
 + Level 2.1 Fighting
 + Level 2.8 Short Blades
 - Level 1.0 Throwing
 - Level 1.1 Armour
 + Level 2.5 Dodging
 + Level 0.3 Shields
 + Level 1.8 Spellcasting
 - Level 3.2 Translocations


You had 2 spell levels left.
You knew the following spells:

 Your Spells              Type           Power        Failure   Level  Hunger
a - Blink                 Tloc           N/A          26%         2    ###....

Your spell library contained the following spells:

 Spells                   Type           Power        Failure   Level  Hunger
 Shroud of Golubria       Chrm/Tloc      #.....       43%         2    ###....
 Gell's Gravitas          Tloc           #.........   45%         3    ####...
 Lesser Beckoning         Tloc           #.........   45%         3    ####...
 Teleport Other           Tloc           #.......     45%         3    ####...
 Passage of Golubria      Tloc           N/A          86%         4    #####..


Dungeon Overview and Level Annotations

Branches:
Dungeon (1/15)

Altars:


Innate Abilities, Weirdness & Mutations

You are small and have problems with some larger weapons.
You are somewhat resistant to further mutation.


Message History

Throwing (i - inventory. (/) - cycle)
e - 3 boomerangs of dispersal (quivered)
Press: ? - help, Shift-Dir - straight line, f/p - gnoll
Aim: a gnoll, wielding a +0 spear (lightly wounded)
You throw a boomerang of dispersal.
The boomerang of dispersal barely misses the gnoll.
The gnoll misses you.
Throwing (i - inventory. (/) - cycle)
e - 2 boomerangs of dispersal (quivered)
Press: ? - help, Shift-Dir - straight line, f/p - gnoll
Aim: a gnoll, wielding a +0 spear (lightly wounded)
You throw a boomerang of dispersal.
The boomerang of dispersal barely misses the gnoll.
You block the gnoll's attack.
Throwing (i - inventory. (/) - cycle)
e - a boomerang of dispersal (quivered)
Press: ? - help, Shift-Dir - straight line, f/p - gnoll
Aim: a gnoll, wielding a +0 spear (lightly wounded)
You throw a boomerang of dispersal.
The boomerang of dispersal barely misses the gnoll.
The gnoll completely misses you.
The gnoll hits you from afar with a +0 spear!
You die...

### # ############ #.#### ..#
.###.##...##..# #.##.## #.##
####.#.##.###....# #.#.#.##
#..####....#.#..#####.<# #..###.#
#.#.##..##.##..#.##....###.## ##.
..#.#.####.###.#.#.##..#....###..
###.##.##.###.##..########...#.##
..##..####...###### ##....##
#..###########g.@# ##...# ##...#
#.##.#.#### #...# ##'## #.##.#.#
#.### #.# #......# #.# #.#
####g### #.# ###.## #.#
#####.#### .....######.#
#........# ......##...g#######
#.###.##.# ##............g...#
#.# #.#...


You could see a gnoll.

Vanquished Creatures
  A dart slug (D:1)
  2 leopard geckos (D:1)
  A bat (D:1)
  A giant cockroach (D:1)
  2 goblins (D:1)
  4 hobgoblins (D:1)
  A frilled lizard (D:1)
  A rat (D:1)
13 creatures vanquished.

Notes
Turn   | Place    | Note
-------+----------+-------------------------------------------
     0 | D:1      | bawkwolf the Halfling Warper began the quest for the Orb.
     0 | D:1      | Reached XP level 1. HP: 14/14 MP: 3/3
   395 | D:1      | Reached XP level 2. HP: 19/19 MP: 4/4
   408 | D:1      | Learned a level 2 spell: Blink
  1125 | D:1      | Slain by a gnoll

Illustrated notes

Levels and vault maps discovered:
D:1:      dpeg_arrival_signposts, layout_loops_corners, minivault_5

Skill      XL: |  1  2 |
---------------+-------+-----
Fighting       | 2 |  2.1
Short Blades   | |  2.8
Throwing       | |  1.0
Armour         | |  1.1
Dodging        | |  2.5
Shields        | |  0.3
Spellcasting   | |  1.8
Translocations | |  3.2

Action                   || total
-------------------------++-------
Melee: Short sword       ||    26
       Mace              ||    27
Throw: Boomerang         ||     5
 Cast: Blink             ||     1
  Use: Scroll            ||     2
Armor: Leather armour    ||     7
Dodge: Dodged            ||    43
Block: Buckler           ||     8
